 Dungeon Crawl Stone Soup version 0.28.0-53-g5a82cb258f (webtiles) character file.

Game seed: 4247757605803437189

18 Gabide the Bolt Thrower (level 2, 0/24 HPs)
             Began as a Barachi Hunter on June 18, 2022.
             Slain by a quokka (4 damage)
             ... on level 1 of the Dungeon.
             The game lasted 00:00:34 (768 turns).

Gabide the Bolt Thrower (Barachi Hunter)             Turns: 768, Time: 00:00:35

Health: 0/24       AC:  3    Str: 13    XL:     2   Next: 70%
Magic:  2/2        EV: 11    Int: 11    God:
Gold:   30         SH:  0    Dex: 12    Spells: 1/1 levels left

rFire   . . .      SeeInvis .   a - +1 hand crossbow
rCold   . . .      Faith    .   (no shield)
rNeg    . . .      Spirit   .   c - +0 leather armour
rPois   .          Reflect  .   (no helmet)
rElec   .          Harm     .   (no cloak)
rCorr   .          Rampage  .   (no gloves)
Will    .....                   (no boots)
Stlth   +.........              (no amulet)
HPRegen 0.08/turn               (no ring)
MPRegen 0.08/turn               (no ring)

@: slow
A: amphibious, slowness 1, strong legs 1, +LOS
a: Hop


You were on level 1 of the Dungeon.
You visited 1 branch of the dungeon, and saw 1 of its levels.

You collected 30 gold pieces.

Inventory:

Hand Weapons
 a - a +1 hand crossbow (weapon)
 b - a +0 short sword
Missiles
 d - 17 bolts (quivered ammo)
Armour
 c - a +0 leather armour (worn)
Scrolls
 e - a scroll of identify {unknown}
 f - a scroll of enchant armour {unknown}


   Skills:
 + Level 3.2 Fighting
 + Level 4.3 Crossbows
 - Level 2.1 Dodging
 - Level 0.8 Stealth


You had one spell level left.
You didn't know any spells.
Your spell library was empty.

Dungeon Overview and Level Annotations

Branches:
Dungeon (1/15)

Altars:


Innate Abilities, Weirdness & Mutations

You are amphibious.
You cover ground slowly.
You can hop short distances.
You have an extended range of vision and can be seen from far away.


Message History

You barely miss the quokka. The quokka bites you.
The kobold completely misses you. The quokka barely misses you.
You closely miss the quokka. The kobold closely misses you.
The quokka bites you.
You closely miss the quokka. The quokka bites you.
The kobold hits you but does no damage.
You miss the quokka. The quokka closely misses you.
The kobold hits you with a +0 short sword.
The quokka misses you.
There are monsters nearby!
You closely miss the quokka.
The kobold hits you with a +0 short sword.
The quokka bites you. The kobold hits you but does no damage.
You hit the quokka.
The quokka is heavily wounded.
The quokka misses you. The kobold barely misses you.
a - a +1 hand crossbow (weapon)
The quokka barely misses you.
Fire: 20 bolts
Press: ? - help, Q - select action, (/) - cycle Shift-Dir - straight line, f - quokka
Aim: a quokka (heavily wounded, 56% to hit)
You shoot a bolt. The bolt closely misses the quokka.
The quokka barely misses you. The kobold barely misses you.
The quokka completely misses you.
Fire: 19 bolts
Press: ? - help, Q - select action, (/) - cycle Shift-Dir - straight line, f/p - quokka
Aim: a quokka (heavily wounded, 56% to hit)
You shoot a bolt. The bolt barely misses the quokka.
The kobold hits you with a +0 short sword.
* * * LOW HITPOINT WARNING * * *
The quokka bites you.
* * * LOW HITPOINT WARNING * * *
The kobold completely misses you.
Fire: 18 bolts
Press: ? - help, Q - select action, (/) - cycle Shift-Dir - straight line, f/p - quokka
Aim: a quokka (heavily wounded, 56% to hit)
You shoot a bolt. The bolt barely misses the quokka.
The quokka misses you. The kobold hits you but does no damage.
The quokka bites you.
You die...

#....... #.....#
##......# #.###.##
.......# #####+###..#
......# ...........##
.....# ...........##
....# .............
#...# ...........##
#rK.# ............+
#.@.# ..........#..
#...# ..........##.
#...# #####+#######
#####...###### ####
#.......#....# #...
#......##....# #.##
#......##....# ####.#
#......##....# .##...##
#............##.##...'.


You could see a quokka and a kobold.

Vanquished Creatures
  5 bats (D:1)
  An endoplasm (D:1)
  A giant cockroach (D:1)
  A goblin (D:1)
  A hobgoblin (D:1)
  4 jackals (D:1)
  2 ball pythons (D:1)
  A kobold (D:1)
  2 rats (D:1)
18 creatures vanquished.

Notes
Turn   | Place    | Note
-------+----------+-------------------------------------------
     0 | D:1      | Gabide the Barachi Hunter began the quest for the Orb.
     0 | D:1      | Reached XP level 1. HP: 17/17 MP: 1/1
   294 | D:1      | Reached XP level 2. HP: 12/23 MP: 2/2
   768 | D:1      | Slain by a quokka

Illustrated notes

Levels and vault maps discovered:
D:1:      lemuel_arrival_rhombus, layout_basic, serial_shops,
          nicolae_shop_bloodbath_and_beyond, shop_coins

Skill      XL: |  1  2 |
---------------+-------+-----
Fighting       | 3 |  3.2
Crossbows      | |  4.3
Dodging        | |  2.1
Stealth        | |  0.8

Action                   || total
-------------------------++-------
Melee: Short sword       ||    81
 Fire: Hand crossbow     ||     3
Armor: Leather armour    ||    36
Dodge: Dodged            ||    81
